AoeStats
← Quack

Arena

503860234Analyzed
2v2 RM · 29d ago on Sep 2, 2026· 23m 18s· 4 players
Game mode
Random Map
Map size
Medium (4 player)
Population
200
Speed
Normal
Resources
Standard
Victory
Conquest
Starting age
Dark Age
Ending age
Imperial Age
RankedLock teamsTeams togetherTeam positionsShared explorationLock speedFull tech treeHidden civsTurbo modeCheats
Victory
Defeat
🇵🇪 Malay · Peru
981
+12
🇵🇪 Khmer · Peru
958
+13
🇬🇧 Bulgarians · United Kingdom
914
-13
🇫🇷 Cumans · France
864
-30
titoluis2010
12:00 Feudal Age
14:47 Double-Bit Axe
17:35 Castle Age
16:01 Stone Mining
16:41 Horse Collar
18:22 Forging
18:20 Scale Barding Armor
18:54 Bow Saw
20:16 Bloodlines
steam.scared604
14:34 Feudal Age
13:07 Loom
Kappachero
10:46 Feudal Age
14:23 Castle Age
Quack
11:01 Feudal Age
16:45 Castle Age
15:29 Horse Collar
15:40 Double-Bit Axe
19:06 Gold Mining
Connection lost

Rejoining the realm…

Still unreachable

The connection could not be restored.

Session expired

The server has moved on; the page needs a fresh start.